MLB
ARIZONA DIAMONDBACKS @ ST. LOUIS CARDINALS
02/22/2020
 
TOP OF THE 1ST
Arizona Diamondbacks batting - Pitching for St. Louis Cardinals : RHP Lucas Giolito
Pitching: RHP Lucas Giolito
Batting: LHB Raimel Tapia 0-0: Ball
1-0: Foul Ball, location: 2F
1-1: Called Strike
1-2: SOLO HOME RUN (Line Drive, 89XD, EV 108.8 MPH), Distance : 435 ft
Batting: LHB Alex Verdugo 0-0: Ball
1-0: Ball
2-0: Ball
3-0: Base on Balls
Batting: RHB Gleyber Torres 0-0: Called Strike
0-1: Ball
1-1: Called Strike
1-2: SINGLE (Groundball, 6D, EV 100.6 MPH)
Alex Verdugo to second
Batting: RHB Anthony Rendon 0-0: Foul Ball, location: 2F
0-1: Swinging Strike
0-2: Strikes out looking
Batting: RHB Fernando Tatis Jr. 0-0: Called Strike
0-1: Ball
1-1: DOUBLE (Line Drive, 5D, EV 97.5 MPH)
Alex Verdugo scores
Gleyber Torres to third
Runner from 3rd tries for Home, SAFE, no throw by LF
Batting: RHB Christian Walker 0-0: Called Strike
Fernando Tatis Jr. is caught stealing 3rd base 2-5
0-1: Ball
1-1: Foul Ball, location: 2F
1-2: Ball
2-2: Ball
3-2: Strikes out swinging
Top of the 1st over - 3 runs, 3 hits, 0 errors, 0 left on base; Arizona 3 - St. Louis 0
BOTTOM OF THE 1ST
St. Louis Cardinals batting - Pitching for Arizona Diamondbacks : RHP Freddy Peralta
Pitching: RHP Freddy Peralta
Batting: SHB Ozzie Albies 0-0: Ball
1-0: Foul Ball, location: 2F
1-1: Ball
2-1: Ball
3-1: Base on Balls
Batting: LHB Austin Meadows 0-0: Swinging Strike
0-1: Ball
1-1: Ball
2-1: Foul Ball, location: 2F
2-2: SINGLE (Flyball, 6D, EV 90.0 MPH)
Ozzie Albies to second
Batting: LHB Juan Soto 0-0: Ball
1-0: Foul Ball, location: 2F
1-1: Ball
2-1: Foul Ball, location: 2F
2-2: Fly out, F7 (Flyball, 7, EV 87.5 MPH)
Batting: RHB Alex Bregman 0-0: Ball
1-0: Called Strike
1-1: Ball
2-1: Ball
3-1: Fly out, F7 (Flyball, 7, EV 91.9 MPH)
Batting: LHB Matt Olson 0-0: Ball
1-0: Called Strike
1-1: Ball
2-1: Foul Ball, location: 2F
2-2: Strikes out swinging
Bottom of the 1st over - 0 runs, 1 hit, 0 errors, 2 left on base; Arizona 3 - St. Louis 0
TOP OF THE 2ND
Arizona Diamondbacks batting - Pitching for St. Louis Cardinals : RHP Lucas Giolito
Batting: SHB Francisco Mejia 0-0: Ball
1-0: Called Strike
1-1: Swinging Strike
1-2: Ball
2-2: Strikes out looking
Batting: RHB Austin Hays 0-0: Ball
1-0: Fly out, F8 (Line Drive, 8RM, EV 94.4 MPH)
Batting: RHB Freddy Peralta 0-0: Called Strike
0-1: Foul Ball, location: 2F
0-2: Foul Ball, location: 2F
0-2: Ball
1-2: Strikes out swinging
Top of the 2nd over - 0 runs, 0 hits, 0 errors, 0 left on base; Arizona 3 - St. Louis 0
BOTTOM OF THE 2ND
St. Louis Cardinals batting - Pitching for Arizona Diamondbacks : RHP Freddy Peralta
Batting: SHB Yasmani Grandal 0-0: Called Strike
0-1: Ball
1-1: Foul Ball, location: 2F
1-2: Ball
2-2: Foul Ball, location: 2F
2-2: Foul Ball, location: 2F
2-2: SINGLE (Line Drive, 8LS, EV 103.1 MPH)
Batting: RHB Harrison Bader 0-0: Called Strike
0-1: Ball
1-1: Foul Ball, location: 2F
1-2: Ball
2-2: SINGLE (Popup, 5D, EV 77.5 MPH)
Yasmani Grandal to second
Batting: RHB Luis Urias 0-0: Ball
1-0: Ball
2-0: DOUBLE (Flyball, 89D, EV 109.4 MPH)
Yasmani Grandal scores
Harrison Bader to third
Batting: RHB Lucas Giolito 0-0: Ball
1-0: Swinging Strike
1-1: Ball
2-1: Called Strike
2-2: Strikes out looking
Batting: SHB Ozzie Albies 0-0: Fly out, F6 (Popup, 6M, EV 68.8 MPH)
Batting: LHB Austin Meadows 0-0: Foul Ball, location: 2F
0-1: Ball
1-1: Ball
2-1: Ball
3-1: SINGLE (Groundball, 34D, EV 104.4 MPH)
Harrison Bader scores
Luis Urias to third
Runner from 3rd tries for Home, SAFE, throw by RF to home
Batting: LHB Juan Soto 0-0: Ball
1-0: Ball
2-0: Foul Ball, location: 2F
2-1: SINGLE (Groundball, 34D, EV 104.4 MPH)
Austin Meadows to second
Runner from 2nd tries for 3rd, SAFE, throw by RF made to third
Batting: RHB Alex Bregman 0-0: Ball
1-0: Ball
2-0: Called Strike
2-1: Foul Ball, location: 2F
2-2: SINGLE (Groundball, 6MD, EV 105.6 MPH)
Austin Meadows scores
Juan Soto to second
Runner from 2nd tries for 3rd, SAFE, throw by CF made to third
Batting: LHB Matt Olson 0-0: Foul Ball, location: 2F
0-1: Foul Ball, location: 2F
0-2: Ball
1-2: Fly out, F7 (Flyball, 7LM, EV 98.1 MPH)
Bottom of the 2nd over - 4 runs, 6 hits, 0 errors, 2 left on base; Arizona 3 - St. Louis 4
TOP OF THE 3RD
Arizona Diamondbacks batting - Pitching for St. Louis Cardinals : RHP Lucas Giolito
Batting: LHB Raimel Tapia 0-0: Foul Ball, location: 2F
0-1: Foul Ball, location: 2F
0-2: Ball
1-2: Ball
2-2: Fly out, F9 (Line Drive, 9, EV 85.0 MPH)
Batting: LHB Alex Verdugo 0-0: Foul Ball, location: 2F
0-1: Ball
1-1: Ball
2-1: SINGLE (Groundball, 34S, EV 64.4 MPH) (infield hit)
Batting: RHB Gleyber Torres 0-0: Called Strike
0-1: Called Strike
0-2: Ball
Wild Pitch!
Alex Verdugo to second
1-2: Ball
2-2: Ball
3-2: Strikes out swinging
Batting: RHB Anthony Rendon 0-0: Ball
1-0: Called Strike
1-1: Swinging Strike
1-2: Strikes out swinging
Top of the 3rd over - 0 runs, 1 hit, 0 errors, 1 left on base; Arizona 3 - St. Louis 4
BOTTOM OF THE 3RD
St. Louis Cardinals batting - Pitching for Arizona Diamondbacks : RHP Freddy Peralta
Batting: SHB Yasmani Grandal 0-0: Ball
1-0: Foul Ball, location: 2F
1-1: Swinging Strike
1-2: Ball
2-2: Strikes out swinging
Batting: RHB Harrison Bader 0-0: Ball
1-0: Swinging Strike
1-1: Foul Ball, location: 2F
1-2: Hit by Pitch
Batting: RHB Luis Urias 0-0: Ball
1-0: Foul Ball, location: 2F
1-1: Ball
2-1: Foul Ball, location: 2F
2-2: Foul Ball, location: 2F
2-2: Ball
3-2: Base on Balls
Harrison Bader to second
Batting: RHB Lucas Giolito 0-0: Ball
1-0: Sac Bunt to P - play at third, runner OUT -> throw to first, DP!
Bottom of the 3rd over - 0 runs, 0 hits, 0 errors, 1 left on base; Arizona 3 - St. Louis 4
TOP OF THE 4TH
Arizona Diamondbacks batting - Pitching for St. Louis Cardinals : RHP Lucas Giolito
Batting: RHB Fernando Tatis Jr. 0-0: Called Strike
0-1: Foul Ball, location: 2F
0-2: Ball
1-2: Foul Ball, location: 2F
1-2: Strikes out looking
Batting: RHB Christian Walker 0-0: SINGLE (Line Drive, 89S, EV 89.4 MPH)
Batting: SHB Francisco Mejia 0-0: Swinging Strike
0-1: Foul Ball, location: 2F
0-2: Ball
1-2: Foul Ball, location: 2F
1-2: Ball
2-2: Ball
3-2: Strikes out swinging
Batting: RHB Austin Hays 0-0: Foul Ball, location: 2F
0-1: Called Strike
0-2: Ball
1-2: Ball
2-2: Fly out, F4 (Flyball, 3D, EV 93.8 MPH)
Top of the 4th over - 0 runs, 1 hit, 0 errors, 1 left on base; Arizona 3 - St. Louis 4
BOTTOM OF THE 4TH
St. Louis Cardinals batting - Pitching for Arizona Diamondbacks : RHP Freddy Peralta
Pitching: LHP Paul Fry
Batting: SHB Ozzie Albies 0-0: Bunt for hit to 2L - play at first, batter OUT! 2-3
Batting: LHB Austin Meadows 0-0: Ball
1-0: Ball
2-0: Called Strike
2-1: Ball
3-1: Foul Ball, location: 2F
3-2: Base on Balls
Batting: LHB Juan Soto 0-0: Called Strike
0-1: Foul Ball, location: 2F
0-2: Ball
Austin Meadows steals 2nd base
1-2: Foul Ball, location: 2F
1-2: Ball
2-2: Ball
3-2: DOUBLE (Line Drive, 78XD, EV 98.1 MPH)
Austin Meadows scores
Batting: RHB Alex Bregman 0-0: Ball
1-0: Ball
2-0: Ball
3-0: Called Strike
3-1: Base on Balls
Batting: LHB Matt Olson 0-0: Ball
1-0: Foul Ball, location: 2F
1-1: SINGLE (Line Drive, 8RS, EV 95.0 MPH)
Juan Soto to third
Alex Bregman to second
Runner from 3rd tries for Home, SAFE, throw by RF to home
Batting: SHB Yasmani Grandal 0-0: Called Strike
0-1: Swinging Strike
0-2: Strikes out swinging
Batting: RHB Harrison Bader 0-0: Ball
1-0: Ball
2-0: Swinging Strike
2-1: Ball
3-1: Base on Balls
Alex Bregman to third
Matt Olson to second
Batting: RHB Luis Urias 0-0: Swinging Strike
0-1: Ball
1-1: Fielders Choice at 2nd, 6-4 (Groundball, 6, EV 104.4 MPH)
Bottom of the 4th over - 2 runs, 2 hits, 0 errors, 3 left on base; Arizona 3 - St. Louis 6
TOP OF THE 5TH
Arizona Diamondbacks batting - Pitching for St. Louis Cardinals : RHP Lucas Giolito
Batting: LHB Paul Fry 0-0: Ball
1-0: Swinging Strike
1-1: Ball
2-1: Ball
3-1: Base on Balls
Pitching: LHP Logan Allen
Batting: LHB Raimel Tapia 0-0: Called Strike
0-1: Foul Ball, location: 2F
0-2: Ball
1-2: SINGLE (Groundball, 34D, EV 110.6 MPH)
Paul Fry to second
Runner from 2nd tries for 3rd, SAFE, throw by RF made to third
Batting: LHB Alex Verdugo 0-0: Ball
1-0: Fly out, F9 (Flyball, 89S, EV 93.8 MPH)
Batting: RHB Gleyber Torres 0-0: Foul Ball, location: 2F
0-1: Called Strike
0-2: Ball
1-2: Strikes out swinging
Batting: RHB Anthony Rendon 0-0: Ball
1-0: SINGLE (Groundball, 6MD, EV 95.6 MPH)
Paul Fry scores
Raimel Tapia to second
Batting: RHB Fernando Tatis Jr. 0-0: 3-RUN HOME RUN (Flyball, 78XD, EV 95.0 MPH), Distance : 445 ft
Pitching: RHP Jesse Hahn
Batting: RHB Christian Walker 0-0: Swinging Strike
0-1: Ball
1-1: Ball
2-1: Foul Ball, location: 2F
2-2: Strikes out swinging
Top of the 5th over - 4 runs, 3 hits, 0 errors, 0 left on base; Arizona 7 - St. Louis 6
BOTTOM OF THE 5TH
St. Louis Cardinals batting - Pitching for Arizona Diamondbacks : LHP Paul Fry
Batting: RHB Jesse Hahn 0-0: Ball
1-0: Ball
2-0: Foul Ball, location: 2F
2-1: Foul Ball, location: 2F
2-2: Ball
3-2: DOUBLE (Line Drive, 9LS, EV 96.9 MPH)
Pitching: RHP J.B. Wendelken
Pinch Hitting: SHB Domingo Leyba 0-0: Called Strike
0-1: Called Strike
0-2: Ball
1-2: Strikes out swinging
Pinch Hitting: LHB Brett Phillips 0-0: Called Strike
0-1: Swinging Strike
0-2: Ball
1-2: Strikes out swinging
Pinch Hitting: RHB Taylor Ward 0-0: Ball
1-0: Ball
2-0: Fly out, F3 (Popup, 34, EV 79.4 MPH)
Bottom of the 5th over - 0 runs, 1 hit, 0 errors, 1 left on base; Arizona 7 - St. Louis 6
TOP OF THE 6TH
Arizona Diamondbacks batting - Pitching for St. Louis Cardinals : RHP Jesse Hahn
Now at 2B: Domingo Leyba
Now in LF: Taylor Ward
Now in RF: Brett Phillips
Batting: SHB Francisco Mejia 0-0: Ball
1-0: Called Strike
1-1: Ground out 3-1 (Groundball, 34, EV 81.9 MPH)
Batting: RHB Austin Hays 0-0: Ground out 3-1 (Groundball, 34, EV 89.4 MPH)
Pinch Hitting: LHB Jake Cave 0-0: Ball
1-0: Ground out 1-3 (Groundball, 34S, EV 93.1 MPH)
Top of the 6th over - 0 runs, 0 hits, 0 errors, 0 left on base; Arizona 7 - St. Louis 6
BOTTOM OF THE 6TH
St. Louis Cardinals batting - Pitching for Arizona Diamondbacks : RHP J.B. Wendelken
Pitching: RHP Brandon S. White
Pinch Hitting: RHB Hernan Perez 0-0: Ball
1-0: Swinging Strike
1-1: Ball
2-1: Swinging Strike
2-2: Ball
3-2: Ground out 6-3 (Groundball, 6, EV 80.0 MPH)
Pinch Hitting: RHB Jose Alberto Martinez 0-0: Ball
1-0: Foul Ball, location: 2F
1-1: Ball
2-1: Foul Ball, location: 2F
2-2: Ball
3-2: Foul Ball, location: 2F
3-2: Strikes out swinging
Batting: SHB Yasmani Grandal 0-0: Ball
1-0: Called Strike
1-1: Ball
2-1: Swinging Strike
2-2: Strikes out swinging
Bottom of the 6th over - 0 runs, 0 hits, 0 errors, 0 left on base; Arizona 7 - St. Louis 6
TOP OF THE 7TH
Arizona Diamondbacks batting - Pitching for St. Louis Cardinals : RHP Jesse Hahn
Now at 1B: Jose Alberto Martinez
Now in LF: Hernan Perez
Pinch Hitting: LHB Josh Reddick 0-0: Ball
1-0: Ball
2-0: Foul Ball, location: 2F
2-1: Foul Ball, location: 2F
2-2: Ground out 1-3 (Groundball, 34S, EV 62.5 MPH)
Pinch Hitting: LHB Socrates Brito 0-0: SINGLE (Line Drive, 8RS, EV 106.3 MPH)
Pinch Hitting: RHB Thairo Estrada 0-0: Called Strike
0-1: Foul Ball, location: 2F
0-2: Foul Ball, location: 2F
0-2: Strikes out looking
Pinch Hitting: RHB Tim Beckham 0-0: Ball
1-0: Foul Ball, location: 2F
1-1: SINGLE (Line Drive, 34D, EV 106.3 MPH)
Socrates Brito to second
Pinch Hitting: LHB Tyler Wade 0-0: Ball
1-0: Called Strike
1-1: Foul Ball, location: 2F
1-2: Strikes out looking
Top of the 7th over - 0 runs, 2 hits, 0 errors, 2 left on base; Arizona 7 - St. Louis 6
BOTTOM OF THE 7TH
St. Louis Cardinals batting - Pitching for Arizona Diamondbacks : RHP Brandon S. White
Pitching: RHP Dillon Tate
Now at 2B: Tyler Wade
Now at 3B: Tim Beckham
Now at SS: Thairo Estrada
Now in LF: DJ Stewart
Now in RF: Socrates Brito
Pinch Hitting: RHB Jahmai Jones 0-0: DOUBLE (Line Drive, 78D, EV 103.1 MPH)
Pinch Hitting: SHB Cole Tucker 0-0: Ground out 6-3 (Groundball, 56, EV 102.5 MPH)
Pinch Hitting: RHB Nick Senzel 0-0: Called Strike
0-1: Foul Ball, location: 2F
0-2: Ball
1-2: Ball
2-2: Foul Ball, location: 2F
2-2: Foul Ball, location: 2F
2-2: Strikes out swinging
Batting: SHB Domingo Leyba 0-0: Swinging Strike
0-1: Ground out 5-3 (Groundball, 56, EV 76.9 MPH)
Bottom of the 7th over - 0 runs, 1 hit, 0 errors, 1 left on base; Arizona 7 - St. Louis 6
TOP OF THE 8TH
Arizona Diamondbacks batting - Pitching for St. Louis Cardinals : RHP Jesse Hahn
Pitching: LHP Andrew Miller
Now at SS: Cole Tucker
Now in CF: Jahmai Jones
Pinch Hitting: LHB Ryan McMahon 0-0: Swinging Strike
0-1: Foul Ball, location: 2F
0-2: Strikes out swinging
Batting: SHB Francisco Mejia 0-0: Ball
1-0: Ball
2-0: Ball
3-0: Called Strike
3-1: DOUBLE (Line Drive, 89XD, EV 109.4 MPH)
Pinch Hitting: RHB Monte Harrison 0-0: Called Strike
0-1: Called Strike
0-2: Ball
1-2: Strikes out swinging
Batting: LHB DJ Stewart 0-0: Called Strike
0-1: Ball
1-1: Called Strike
1-2: Foul Ball, location: 2F
1-2: Strikes out swinging
Top of the 8th over - 0 runs, 1 hit, 0 errors, 1 left on base; Arizona 7 - St. Louis 6
BOTTOM OF THE 8TH
St. Louis Cardinals batting - Pitching for Arizona Diamondbacks : RHP Dillon Tate
Pitching: RHP Grant Holmes
Now at 1B: Ryan McMahon
Now in CF: Monte Harrison
Batting: LHB Brett Phillips 0-0: Ball
1-0: Ball
2-0: Swinging Strike
2-1: Ball
3-1: Foul Ball, location: 2F
3-2: Strikes out swinging
Batting: RHB Taylor Ward 0-0: Ball
1-0: Called Strike
1-1: SINGLE (Groundball, 56D, EV 97.5 MPH)
Batting: RHB Hernan Perez 0-0: Ball
1-0: Fielders Choice at 2nd, 6-4 (Groundball, 6, EV 103.8 MPH)
Batting: RHB Jose Alberto Martinez 0-0: Foul Ball, location: 2F
0-1: Called Strike
0-2: SINGLE (Line Drive, 7LM, EV 103.8 MPH)
Hernan Perez to second
Batting: SHB Yasmani Grandal 0-0: Ball
1-0: Ball
2-0: Ground out 4-3 (Groundball, 34, EV 90.0 MPH)
Bottom of the 8th over - 0 runs, 2 hits, 0 errors, 2 left on base; Arizona 7 - St. Louis 6
TOP OF THE 9TH
Arizona Diamondbacks batting - Pitching for St. Louis Cardinals : LHP Andrew Miller
Pinch Hitting: RHB Zack Short 0-0: Foul Ball, location: 2F
0-1: Foul Ball, location: 2F
0-2: Strikes out swinging
Batting: LHB Socrates Brito 0-0: Ball
1-0: Called Strike
1-1: Foul Ball, location: 2F
1-2: Strikes out looking
Batting: RHB Thairo Estrada 0-0: Ball
1-0: Ball
2-0: Foul Ball, location: 2F
2-1: Ball
3-1: Foul Ball, location: 2F
3-2: Strikes out looking
Top of the 9th over - 0 runs, 0 hits, 0 errors, 0 left on base; Arizona 7 - St. Louis 6
BOTTOM OF THE 9TH
St. Louis Cardinals batting - Pitching for Arizona Diamondbacks : RHP Grant Holmes
Pitching: RHP Keone Kela
Pinch Hitting: RHB Brendan Rodgers 0-0: Ball
1-0: Ball
2-0: Foul Ball, location: 2F
2-1: Ground out 6-3 (Groundball, 6, EV 81.9 MPH)
Batting: SHB Cole Tucker 0-0: Ball
1-0: Ball
2-0: Called Strike
2-1: Swinging Strike
2-2: Strikes out swinging
Pinch Hitting: RHB Yan Gomes 0-0: Called Strike
0-1: Swinging Strike
0-2: Ground out 1-3 (Groundball, 34S, EV 80.6 MPH)
Bottom of the 9th over - 0 runs, 0 hits, 0 errors, 0 left on base; Arizona 7 - St. Louis 6
Friday, May 1st, 2020 - OOTP Baseball 21.3 Build 45